 Dungeon Crawl Stone Soup version 0.27.1-15-g792fb953b9 (webtiles) character file.

Game seed: 7877276561237342224

78 Araneus the Cudgeller (level 4, -2/35 HPs)
             Began as a Demonspawn Fighter on Nov 20, 2021.
             Slain by an orc warrior (7 damage)
             ... on level 4 of the Dungeon.
             The game lasted 00:04:49 (2239 turns).

Araneus the Cudgeller (Demonspawn Fighter)          Turns: 2239, Time: 00:04:50

Health: -2/35      AC:  6    Str: 18    XL:     4   Next: 15%
Magic:  0/4        EV:  7    Int:  9    God:
Gold:   91         SH:  8    Dex: 12    Spells: 3/3 levels left

rFire    . . .     SeeInvis .   m - +3 whip
rCold    . . .     Faith    .   c - +0 kite shield
rNeg     . . .     Spirit   +   b - +0 scale mail
rPois    .         Reflect  .   (no helmet)
rElec    .         Harm     .   (no cloak)
rCorr    .         Rampage  .   (no gloves)
Will     .....                  (no boots)
Stlth    ..........             (no amulet)
HPRegen  0.11/turn              (no ring)
MPRegen  0.18/turn              (no ring)

@: no status effects
A: magic shield, magic regeneration, magic link
a: no special abilities


You were on level 4 of the Dungeon.
You visited 1 branch of the dungeon, and saw 3 of its levels.

You collected 91 gold pieces.

Inventory:

Hand Weapons
 a - a +0 flail
 m - a +3 whip (weapon)
Missiles
 j - 4 atropa-tipped darts (quivered)
 n - a throwing net
Armour
 b - a +0 scale mail (worn)
 c - a +0 kite shield (worn)
Scrolls
 e - 2 scrolls of blinking {unknown}
 f - 2 scrolls of enchant armour {unknown}
 i - a scroll of acquirement {unknown}
 k - a scroll of enchant weapon {unknown}
 l - a scroll of noise {unknown}
Potions
 d - a potion of might
 g - a potion of curing {unknown}
 h - a potion of flight {unknown}


   Skills:
 - Level 3.0 Fighting
 + Level 4.1 Maces & Flails
 - Level 2.6 Armour
 - Level 2.6 Shields


You had 3 spell levels left.
You didn't know any spells.
Your spell library contained the following spells:

 Spells                   Type           Power      Damage    Failure   Level
 Foxfire                  Conj/Fire      0%         2x1d4     99%         1
 Conjure Flame            Conj/Fire      0%         6-21      100%        3
 Inner Flame              Hex/Fire       0%         N/A       100%        3


Dungeon Overview and Level Annotations

Branches:
Dungeon (2/15)

Altars:


Innate Abilities, Weirdness & Mutations

When hurt, damage is shared between your health and your magic reserves.
You regenerate magic rapidly.
When low on magic, you restore magic in place of health.


Message History

You are too injured to fight recklessly!
You are too injured to fight recklessly!
You are too injured to fight recklessly!
You are too injured to fight recklessly!
You block the orc's attack. You block the orc warrior's attack.
You are too injured to fight recklessly!
Found 22 stones.
Throw: 5 darts (atropa)
Press: ? - help, Q - select action, (/) - cycle Shift-Dir - straight line, f - orc warrior
Aim: an orc warrior, wielding a +0 short sword and wearing a +0 plate armour (lightly wounded, 57% to hit, chance to blind on hit: 51%)
You throw an atropa-tipped dart.
The atropa-tipped dart hits the orc warrior.
The orc warrior resists.
The orc warrior is lightly wounded.
The orc warrior hits you with a +0 short sword!
* * * LOW HITPOINT WARNING * * *
You are too injured to fight recklessly!
You hit the orc warrior but do no damage.
The orc warrior is lightly wounded.
The orc warrior closely misses you. The orc warrior barely misses you.
You closely miss the orc warrior.
The orc warrior is lightly wounded.
The orc warrior completely misses you.
You whack the orc warrior!
The orc warrior is heavily wounded.
The orc warrior barely misses you.
You hit the orc warrior.
The orc warrior is heavily wounded.
You block the orc warrior's attack.
You closely miss the orc warrior.
The orc warrior is heavily wounded.
You block the orc warrior's attack.
You hit the orc warrior.
The orc warrior is heavily wounded.
You block the orc warrior's attack.
You whack the orc warrior!
The orc warrior is almost dead.
The orc warrior hits you with a +0 short sword!
You die...

## ### .. ##.# ## .
#.####(# # #.
##.###@## [#
#.#+##.##o##o##.##
#####..<.#.#.#.#o#.#.#
....(...oo..#..#oo#..#
#####....#...#o.g#...#
#......#....#....#..
#.#+#...#.....#.....
#.#.#.....#......#..
#.#.##.......#......


You could see an orc warrior, 3 orcs and a goblin.

Vanquished Creatures
  3 gnolls (D:4)
  2 worms
  6 bats
  7 endoplasms
  2 giant cockroaches
  2 goblins
  2 hobgoblins
  3 jackals (D:4)
  4 quokkas (D:1)
  6 ball pythons
  4 frilled lizards
  A kobold (D:4)
  3 rats
45 creatures vanquished.

Vanquished Creatures (others)
  5 toadstools (D:1)
5 creatures vanquished.

Grand Total: 50 creatures vanquished

Notes
Turn   | Place    | Note
-------+----------+-------------------------------------------
     0 | D:1      | Araneus the Demonspawn Fighter began the quest for the Orb.
     0 | D:1      | Reached XP level 1. HP: 18/18 MP: 1/1
    36 | D:1      | Reached skill level 2 in Maces & Flails
   345 | D:1      | Gained mutation: You regenerate magic rapidly. [demonic
                  | ancestry]
   345 | D:1      | Reached XP level 2. HP: 24/24 MP: 2/2
  1087 | D:1      | Reached skill level 3 in Maces & Flails
  1099 | D:1      | You fall into a shaft and drop 1 floor!
  1151 | D:2      | Gained mutation: When hurt, damage is shared between your
                  | health and your magic reserves. [demonic ancestry]
  1151 | D:2      | Reached XP level 3. HP: 5/29 MP: 3/3
  1691 | D:2      | You fall into a shaft and drop 2 floors!
  2013 | D:4      | Gained mutation: When low on magic, you restore magic in
                  | place of health. [demonic ancestry]
  2013 | D:4      | Reached XP level 4. HP: 35/35 MP: 4/4
  2016 | D:4      | Reached skill level 4 in Maces & Flails
  2213 | D:4      | Noticed an orc warrior
  2239 | D:4      | Slain by an orc warrior

Illustrated notes

Levels and vault maps discovered:
D:1:      ldierk_walled_garden, layout_basic
D:2:      layout_rooms, serial_curves, eino_curves_02, eino_curves_01,
          eino_curves_02, uniq_crazy_yiuf_cottage
D:4:      layout_basic, minmay_increasing_density

Skill      XL: |  1  2  3  4 |
---------------+-------------+-----
Maces & Flails | 2 3 4 |  4.1
Fighting       | |  3.0
Armour         | |  2.6
Shields        | |  2.6

Action                   |  1- 3 |  4- 6 || total
-------------------------+-------+-------++-------
Melee: Flail             |   117 |       ||   117
       Whip              |     6 |    36 ||    42
Throw: Dart              |     5 |     5 ||    10
Armor: Scale mail        |    74 |     7 ||    81
Dodge: Dodged            |    42 |     9 ||    51
Block: Kite shield       |    83 |    19 ||   102
